 Dungeon Crawl Stone Soup version 0.29-a0-330-g52719c12eb (webtiles) character file.

Game seed: 13297910564185204649

1187 kae the Firebug (level 8, 0/46 HPs)
             Began as a Tengu Fire Elementalist on Apr 16, 2022.
             Was an Initiate of Ashenzari.
             Slain by a gnoll sergeant
             ... wielding a +3 vorpal spear
              (14 damage)
             ... on level 6 of the Dungeon.
             The game lasted 00:05:35 (8995 turns).

kae the Firebug (Tengu Fire Elementalist)           Turns: 8995, Time: 00:05:35

Health: 0/46       AC:  3    Str:  9    XL:     8   Next: 43%
Magic:  12/14      EV: 16    Int: 17    God:    Ashenzari [......]
Gold:   276        SH:  0    Dex: 15    Spells: 1/14 levels left

rFire   . . .      SeeInvis .   d - +1 whip (chaos)
rCold   . . .      Faith    .   (no shield)
rNeg    . . .      Spirit   .   a - +0 robe
rPois   .          Reflect  .   (helmet restricted)
rElec   .          Harm     .   (no cloak)
rCorr   .          Rampage  .   q - +0 pair of gloves
Will    .....                   (boots unavailable)
Stlth   +++.......              (no amulet)
HPRegen 0.15/turn               (no ring)
MPRegen 0.14/turn               (no ring)

@: mighty, weak-willed, flying quickly and evasively, quick
A: beak, talons 3, nimble flight
a: Renounce Religion


You were on level 6 of the Dungeon.
You worshipped Ashenzari.
Ashenzari was noncommittal.
You visited 2 branches of the dungeon, and saw 7 of its levels.

You collected 276 gold pieces.

Inventory:

Hand Weapons
 d - a +1 whip of chaos (weapon)
Missiles
 p - a throwing net
Armour
 a - a +0 robe (worn)
 q - a +0 pair of gloves (worn)
Scrolls
 c - 3 scrolls of identify
 e - 2 scrolls of amnesia
 f - a scroll of summoning
 j - a scroll of magic mapping
 m - 2 scrolls of enchant weapon
Potions
 b - 3 potions of magic
 g - a potion of mutation
 h - a potion of cancellation
 i - 3 potions of berserk rage
 k - 4 potions of might
 l - 3 potions of heal wounds
 n - a potion of curing
 o - 4 potions of brilliance {unknown}
 s - a potion of degeneration {unknown}
 t - a potion of lignification {unknown}
 u - 2 potions of attraction {unknown}


   Skills:
 + Level 3.3 Fighting
 + Level 4.5 Dodging
 + Level 4.3 Stealth
 + Level 3.8 Spellcasting
 + Level 5.0 Conjurations
 * Level 6.5 Fire Magic


You had one spell level left.
You knew the following spells:

 Your Spells              Type           Power      Damage    Failure   Level
a - Foxfire               Conj/Fire      92%        2x1d8     1%          1
b - Scorch                Fire           50%        2d8       1%          2
c - Conjure Flame         Conj/Fire      23%        6-21      4%          3
d - Inner Flame           Hex/Fire       14%        N/A       13%         3
e - Flame Wave            Conj/Fire      23%        2d7       14%         4

Your spell library contained the following spells:

 Spells                   Type           Power      Damage    Failure   Level
 Ensorcelled Hibernation  Hex/Ice        6%         N/A       24%         2
 Passwall                 Tmut/Erth      2%         N/A       24%         2
 Swiftness                Air            3%         N/A       43%         3


Dungeon Overview and Level Annotations

Branches:
Dungeon (6/15)             Temple (1/1) D:5

Altars:
Ashenzari
Cheibriados
Dithmenos
Elyvilon
Fedhas
Gozag
Hepliaklqana
Kikubaaqudgha
Makhleb
Nemelex Xobeh
Okawaru
Ru
Sif Muna
Trog
Vehumet
Wu Jian
Xom
Yredelemnul
Zin
The Shining One

Shops:
D:4 =

Annotations:
D:4 1 runed translucent door, Sassenached's ghost, amateur DgWn
D:5 Ijyb


Innate Abilities, Weirdness & Mutations

You have a beak for a mouth.
You have claws for feet.
Your magical nature lets you fly swiftly and evasively.


Message History

The gnoll hits you with a +0 whip.
You closely miss the gnoll. You claw the gnoll.
You kill the gnoll!
The centaur shoots an arrow.
The arrow hits you!
As you read the scroll labelled PUWOV GYOD, it crumbles to dust.
Magic quickly surges around you.
It was a scroll of vulnerability.
The centaur shoots an arrow.
The arrow hits you.
A gnoll comes into view. It is wielding a +0 spear.
The gnoll shouts!
Okay, then.
It was a potion of might.
You feel very mighty all of a sudden. The gnoll hits you with a +0 halberd!
An orc wizard comes into view. It is wielding a +0 dagger.
It was a potion of heal wounds.
You feel much better.
The centaur unwields a +0 shortbow.
The centaur hits you. The centaur completely misses you. The gnoll misses you.
You barely miss the centaur. You claw the centaur!
The centaur is severely wounded.
The centaur completely misses you. The centaur kicks you.
The centaur misses you. The centaur kicks you.
The gnoll hits you with a +0 halberd!
An orc priest comes into view. It is wielding a +0 club.
An orc comes into view. It is wielding a +0 falchion.
You closely miss the centaur. You claw the centaur.
The centaur is almost dead.
The centaur hits you. The centaur closely misses you.
The gnoll barely misses you.
The orc wizard gestures wildly while chanting.
The orc wizard flickers and vanishes!
Deactivating autopickup; reactivate with Ctrl-A.
The gnoll sergeant completely misses you.
The centaur barely misses you.
The centaur kicks you but does no damage.
You whack the centaur! You freeze the centaur.
You kill the centaur!
The water moccasin closely misses you. The gnoll completely misses you.
An orc comes into view. It is wielding a +0 club.
The gnoll sergeant hits you from afar with a +3 vorpal spear!
You die...

.......... #....o...
.. #........ ..
...####....o..
...##. ..#.###.....#
....#......#.##....#
......# #....##..g.#
......####....###g.#
........#.......@).#
.........#.......S##
........##.......##
............#.....#
#..........###...##
.....#.....# #####
##..####..## ##.##
##.# .### ###


You could see a water moccasin (weak-willed), a gnoll sergeant (weak-willed), a
gnoll and 2 orcs.

Vanquished Creatures
  Sigmund (D:2)
  Menkaure (D:6)
  Duvessa (D:4)
  A centaur (D:6)
  A phantom (D:5)
  A bullfrog (D:3)
  A necrophage (D:4)
  A scorpion (D:5)
  A jelly (D:6)
  Dowan (D:4)
  2 hounds
  An orc priest (D:5)
  A gnoll shaman (D:6)
  2 orc wizards
  10 gnolls
  8 adders
  2 worms
  A dart slug (D:1)
  16 orcs
  7 endoplasms
  5 giant cockroaches
  7 goblins
  3 hobgoblins (D:2)
  11 jackals
  4 kobolds
  2 quokkas
  3 ball pythons
  A bat (D:2)
  A frilled lizard (D:2)
  2 rats (D:3)
99 creatures vanquished.

Vanquished Creatures (collateral kills)
  A foxfire (D:4)
1 creature vanquished.

Vanquished Creatures (others)
  313 foxfires
313 creatures vanquished.

Grand Total: 413 creatures vanquished

Notes
Turn   | Place    | Note
-------+----------+-------------------------------------------
     0 | D:1      | kae the Tengu Fire Elementalist began the quest for the
                  | Orb.
     0 | D:1      | Reached XP level 1. HP: 10/10 MP: 4/4
   249 | D:1      | Reached XP level 2. HP: 15/15 MP: 3/6
   383 | D:1      | Learned a level 2 spell: Scorch
   947 | D:2      | Noticed Sigmund
  1173 | D:2      | Reached XP level 3. HP: 20/20 MP: 3/7
  1177 | D:2      | Learned a level 3 spell: Conjure Flame
  1919 | D:2      | Reached skill level 1 in Fighting
  2481 | D:3      | Reached XP level 4. HP: 25/25 MP: 3/8
  2649 | D:3      | Reached skill level 4 in Fire Magic
  3051 | D:3      | Found a faded altar of an unknown god.
  3091 | D:3      | Found a sacrificial altar of Ru.
  3091 | D:3      | Found an opulent altar of Gozag.
  3091 | D:3      | Found an iron altar of Okawaru.
  3091 | D:3      | Found a bloodstained altar of Trog.
  3115 | D:3      | Found a blossoming altar of Fedhas.
  3115 | D:3      | Found a burning altar of Makhleb.
  3174 | D:4      | Noticed a bullfrog
  3189 | D:3      | Killed a bullfrog
  3190 | D:3      | Gained mutation: Your magical nature lets you fly swiftly
                  | and evasively. [Tengu growth]
  3190 | D:3      | Reached XP level 5. HP: 6/29 MP: 0/9
  3447 | D:3      | HP: 1/29 [gnoll/+0 flail (6)]
  4497 | D:4      | Reached XP level 6. HP: 35/35 MP: 7/11
  4501 | D:4      | Learned a level 3 spell: Inner Flame
  4763 | D:4      | Noticed Dowan
  4920 | D:4      | Found a runed translucent door.
  4921 | D:4      | Noticed Sassenached's ghost (amateur DgWn)
  4962 | D:4      | Found Fegatent's Jewellery Emporium.
  5105 | D:5      | Entered Level 5 of the Dungeon
  5143 | D:5      | Reached skill level 5 in Fire Magic
  5346 | D:5      | Noticed Ijyb
  5519 | D:5      | Reached XP level 7. HP: 4/40 MP: 4/12
  6088 | D:5      | Found a staircase to the Ecumenical Temple.
  6626 | Temple   | Entered the Ecumenical Temple
  6856 | Temple   | Became a worshipper of Ashenzari the Shackled
  7022 | D:2      | Killed Sigmund
  7895 | D:4      | Noticed Duvessa
  7908 | D:4      | Killed Duvessa
  7919 | D:4      | Killed Dowan
  7920 | D:4      | Reached skill level 6 in Fire Magic
  7920 | D:4      | Reached XP level 8. HP: 4/45 MP: 3/14
  8353 | D:6      | Noticed Menkaure
  8358 | D:6      | Killed Menkaure
  8812 | D:6      | Reached skill level 5 in Conjurations
  8894 | D:6      | Found a sparkling altar of Nemelex Xobeh.
  8903 | D:6      | Learned a level 4 spell: Flame Wave
  8995 | D:6      | Slain by a gnoll sergeant

Illustrated notes

Levels and vault maps discovered:
D:1:      minmay_arrival_stair_chambers, layout_rooms, serial_corexii_hall,
          chequers_hall_statues_corner_a, chequers_hall_statues_y
D:2:      layout_basic, uniq_sigmund
D:3:      layout_rooms, minmay_overflow_temple_hex,
          shapermc_ecumenical_altar_petra
D:4:      layout_rooms, serial_shops, shop_fountains,
          ebering_ghost_reflecting_pool, st_stairs_6, uniq_duvessa
D:5:      layout_rooms, minmay_temple_entry_enclosed_plants,
          chequers_serial_rivers_large_a, minmay_misc_feat_doors, uniq_ijyb
D:6:      layout_cave_pools, lemuel_tele_altar, guppyfry_early_elven_hall,
          uniq_crazy_yiuf_cottage, uniq_maggie, uniq_menkaure
Temple:   nicolae_temple_figure_eight

Skill      XL: |  1  2  3  4  5  6  7  8 |
---------------+-------------------------+-----
Conjurations   | 2 3 4 5 |  5.0
Fighting       | 1 2 3 |  3.3
Fire Magic     | 4 5 6 |  6.5
Dodging        | 3 4 |  4.5
Stealth        | 3 4 |  4.3
Spellcasting   | 3 |  3.8

Action                   |  1- 3 |  4- 6 |  7- 9 || total
-------------------------+-------+-------+-------++-------
Melee: Whip              |     9 |    11 |    12 ||    32
       Peck              |     1 |       |     2 ||     3
       Kick              |     1 |     2 |     5 ||     8
       Punch             |       |       |     1 ||     1
 Cast: Foxfire           |    56 |    66 |    74 ||   196
       Scorch            |     5 |    28 |    20 ||    53
       Conjure Flame     |       |       |     1 ||     1
  Use: Scroll            |     5 |     9 |     1 ||    15
       Potion            |       |     1 |     2 ||     3
Armor: Robe              |     6 |     9 |     4 ||    19
Dodge: Dodged            |    16 |    73 |    42 ||   131

Table legend: (Time is in decaauts)
 A = Elapsed time spent in this place.
 B = Non-inter-level travel time spent in this place.
 C = Inter-level travel time spent in this place.
 D = Time resting spent in this place.
 E = Time spent auto-exploring this place.
 F = Levels seen in this place.
 G = Mean time per level.
                   A        B        C        D        E       F      G
               +--------+--------+--------+--------+--------+-----+--------+
         Total |   8807 |   8132 |    675 |    662 |   6474 |   7 | 1258.1 |
       Dungeon |   8581 |   7946 |    635 |    662 |   6291 |   6 | 1430.2 |
        Temple |    225 |    185 |     40 |      0 |    183 |   1 |  225.0 |
               +--------+--------+--------+--------+--------+-----+--------+

Top non-repeatable levels by time:
     D:3: 2209 daAuts
     D:5: 1813 daAuts
     D:2: 1732 daAuts
     D:4: 1516 daAuts
     D:1: 790 daAuts
     D:6: 521 daAuts
  Temple: 225 daAuts
